 Dungeon Crawl Stone Soup version 0.18-a0-1027-g814d7dd (webtiles) character file.

433424 4thArraOfDagon the Executioner (level 23, -2/215 HPs)
             Began as a Hill Orc Berserker on Jan 6, 2016.
             Was the Champion of the Shining One.
             Slain by a titan (37 damage)
             ... on level 5 of the Vaults on Jan 7, 2016.
             The game lasted 02:45:10 (20276 turns).

4thArraOfDagon the Executioner (HOBe)              Turns: 20276, Time: 02:45:10

Health: -2/215     AC: 35    Str: 29    XL:     23   Next: 23%
Magic:  33/33      EV: 17    Int: 12    God:    the Shining One [******]
Gold:   67         SH:  2    Dex: 20    Spells: 7 memorised, 18 levels left

rFire  + + .     SeeInvis +     n - +11 battleaxe of the Ten Stars {chop, MR+ Str+9 Dex-3 Stlth+}
rCold  + + +     Gourm    .     K - +1 gold dragon armour
rNeg   + + +     Faith    .     (shield currently unavailable)
rPois  +         Spirit   .     r - +2 hat
rElec  +         Dismiss  .     B - +1 cloak {rPois}
rCorr  .         Reflect  .     R - +2 pair of fencer's gloves {LBl+4 SBl+4 EV+3 Dex+6}
SustAt +         Harm     .     N - +0 pair of boots
MR     ++...     Rnd*Tele +     F - amulet of regeneration
Stlth  ..........               b - ring of Mucef {+/*Tele rElec rC++ Str-5 SInv}
                                S - ring "Xooromosso" {SustAt rF+ Str+2 Dex+7}

@: glowing, very resistant to hostile enchantments, extremely unstealthy
A: hooves 1, large bone plates 1, dopey 1, mutation resistance 1, MP-powered
wands
a: Divine Shield, Cleansing Flame, Summon Divine Warrior, Brand Weapon With Holy
Wrath, Renounce Religion, Evoke Teleportation
}: 4/15 runes: serpentine, barnacled, slimy, golden


You were on level 5 of the Vaults.
You worshipped the Shining One.
The Shining One was exalted by your worship.
You were full.

You visited 11 branches of the dungeon, and saw 52 of its levels.
You also visited: Sewer, Ice Cave and Wizlab.

You collected 2679 gold pieces.
You spent 2600 gold pieces at shops.

Inventory:

Hand Weapons
 n - the +11 battleaxe of the Ten Stars (weapon) {chop, MR+ Str+9 Dex-3 Stlth+}
   (You found it on level 6 of the Pits of Slime)

   It inflicts extra damage upon your enemies.
   It affects your strength (+9).
   It affects your dexterity (-3).
   It affects your resistance to hostile enchantments.
   It makes you more stealthy.
Missiles
 y - a throwing net (quivered)
Armour
 r - a +2 hat (worn)
 B - a +1 cloak of poison resistance (worn)
 K - a +1 gold dragon armour (worn)
 N - a +0 pair of boots (worn)
 R - the +2 pair of fencer's gloves (worn) {LBl+4 SBl+4 EV+3 Dex+6}
   (You found it on level 1 of the Tomb of the Ancients)

   It affects your evasion (+3).
   It affects your dexterity (+6).
Rods
 P - a +4 rod of shadows (13/13)
   (You found it on level 3 of the Crypt)
Jewellery
 a - the amulet of the Four Winds {rN+ MR+++ Clar}
   (You found it on level 3 of the Tomb of the Ancients)

   [amulet of nothing]

   It protects you from negative energy.
   It affects your resistance to hostile enchantments.
   It protects you against confusion.
 b - the ring of Mucef (right hand) {+/*Tele rElec rC++ Str-5 SInv}
   (You found it on level 5 of the Vaults)

   [ring of teleportation]

   It may teleport you next to monsters, and can be evoked to randomly teleport.
   It affects your strength (-5).
   It greatly protects you from cold.
   It insulates you from electricity.
   It lets you see invisible.
 h - a +4 ring of strength
 A - an uncursed amulet of rage
 F - an amulet of regeneration (around neck)
 S - the ring "Xooromosso" (left hand) {SustAt rF+ Str+2 Dex+7}
   (You found it on level 3 of the Tomb of the Ancients)

   [ring of sustain attributes]

   It sustains your strength, intelligence and dexterity.
   It affects your strength (+2).
   It affects your dexterity (+7).
   It protects you from fire.
 Y - an uncursed ring of protection from fire
Wands
 f - a wand of disintegration (14/24)
 u - a wand of digging (10/24)
 L - a wand of teleportation (2/9)
 M - a wand of fire (5/15)
 T - a wand of cold (5/15)
Scrolls
 d - 2 scrolls of summoning
 g - a scroll of fog
 m - 5 scrolls of teleportation
 s - 2 scrolls of silence
 t - 6 scrolls of remove curse
 v - 3 scrolls of blinking
 z - a scroll of vulnerability
 H - a scroll of identify
Potions
 e - 3 potions of brilliance
 i - 4 potions of curing
 j - 3 potions of heal wounds
 q - 6 potions of magic
 w - 3 potions of haste
 x - a potion of cure mutation
 C - 2 potions of might
 G - a potion of cancellation
 I - 4 potions of agility
 J - 2 potions of resistance
Miscellaneous
 k - an ornate deck of wonders {drawn: 1}
 l - a figurine of a ziggurat
 o - 2 phantom mirrors
 p - a phial of floods
 D - a fan of gales
 O - an ornate deck of escape {Warpwright, drawn: 1}
 Q - a legendary deck of wonders {drawn: 1}
 U - a box of beasts
 V - a lamp of fire
 W - a sack of spiders {used: 1}
Comestibles
 c - 4 bread rations
 E - 14 meat rations


   Skills:
 + Level 20.0 Fighting
 - Level 26.2 Axes
 + Level 18.8 Armour
 + Level 11.0 Dodging
 + Level 6.3 Spellcasting
 * Level 9.8 Translocations
 * Level 14.1 Invocations
 + Level 10.7 Evocations


You had 18 spell levels left.
You knew the following spells:

 Your Spells              Type           Power        Failure   Level  Hunger
a - Apportation           Tloc           ####......   4%          1    None
b - Blink                 Tloc           N/A          8%          2    ##.....
c - Passage of Golubria   Tloc           N/A          41%         4    ####...
d - Cure Poison           Pois           #.........   100%        2    ##.....
e - Stoneskin             Trmt/Erth      #.......     100%        2    ##.....
f - Spectral Weapon       Hex/Chrm       #.......     100%        3    ###....
g - Song of Slaying       Chrm           #.......     100%        2    ##.....


Dungeon Overview and Level Annotations

Branches:
Dungeon (15/15)            Temple (1/1) D:5            Lair (8/8) D:11
 Shoals (4/4) Lair:4        Snake (4/4) Lair:4        Slime (6/6) Lair:8
    Orc (2/2) D:12         Vaults (5/5) D:13          Crypt (3/3) Vaults:3
   Tomb (3/3) Crypt:3      Depths (1/5) D:15
    Elf: Orc:2

Altars:
Kikubaaqudgha
Makhleb
Nemelex Xobeh
Sif Muna
Yredelemnul
The Shining One
Beogh
Jiyva

Shops:
D:5 !((   D:8 (:?   D:9 !   D:15 (   Orc:2 [(:*   Shoals:1 =   Vaults:5 ?%

Annotations:
D:7 exclusion: downstairs
Lair:6 exclusion: upstairs
Lair:8 exclusion: oklob plant
Shoals:3 Polyphemus
Crypt:3 Saint Roka


Innate Abilities, Weirdness & Mutations

You have large cloven feet.
You are partially covered in large bone plates (AC +2, SH +2).
You are dopey. (Int -2)
You are somewhat resistant to further mutation.
You expend magic power (3 MP) to strengthen your wands.


Message History

The titan hits you!!
* * * LOW HITPOINT WARNING * * *
Unknown command.
Unknown command.
Okay, then.
You completely miss the ghost crab. You slash the titan!
The titan is heavily wounded.
The ghost crab misses you. The ghost crab claws you.
* * * LOW HITPOINT WARNING * * *
A deep elf annihilator comes into view. It is wielding a long sword.
Unknown command.
Unknown command.
Unknown command.
You slice the titan!!
The titan is severely wounded.
You slice the ghost crab!!
The ghost crab is heavily damaged.
You hear an angry hiss.
The titan hits you!!!
You die...

.#.## #...# ##.
###'# #.. . ....#
.##.. # ..#.#
.... . ....#
#.e## ## #####
#...## #. ..#.#
#C).# ##. ...##
#@t## ##.. #.#.#
#...###.###. #...
.#..#
##..........
##..# ....#
##.........##...#
.#.##
#####.#####...##
#.#.#. .. .......
.#.... .....##..
##.... #########
.. .........


You could see a titan, a deep elf annihilator and a ghost crab shaped shifter.

Vanquished Creatures
  the Royal Jelly (Slime:6)
  An ancient lich (Crypt:3)
  7 greater mummies
  A bone dragon (Vaults:3)
  4 liches
  Jorgrun (Shoals:3)
  Rupert (Lair:4)
  2 tentacled monstrosities (Vaults:5)
  A titan (Vaults:5)
  A quicksilver dragon (Vaults:5)
  12 acid blobs
  7 sphinxes
  2 krakens
  A shadow dragon (Vaults:5)
  3 ancient champions
  5 greater nagas (Snake:4)
  4 tengu reavers (Vaults:5)
  Ilsuiw (Shoals:4)
  2 revenants
  2 storm dragons (Vaults:5)
  8 azure jellies
  A fire giant (Vaults:5)
  2 frost giants (Vaults:5)
  6 vault wardens
  2 orc warlords
  2 deep elf elementalists (Vaults:5)
  An ironheart preserver (Vaults:5)
  4 very ugly things
  2 reapers
  2 war gargoyles (Vaults:5)
  13 stone giants
  3 vampire knights
  2 deep elf annihilators (Vaults:5)
  3 bennus
  A deep elf demonologist (Vaults:5)
  Snorg (Lair:5)
  5 eidola (Crypt:3)
  A deep elf death mage (Vaults:5)
  4 death oozes (Slime:6)
  5 merfolk impalers
  2 ettins (Vaults:5)
  6 merfolk javelineers
  10 mummy priests
  A deep elf high priest (Vaults:5)
  A jiangshi (Crypt:1)
  21 vault guards
  2 small abominations (Vaults:5)
  2 fire dragons
  4 yaktaur captains
  A rakshasa (D:14)
  7 ogre magi
  4 great orbs of eyes
  An entropy weaver (D:15)
  6 hydras
  5 centaur warriors
  2 catoblepae
  7 naga warriors
  2 death knights
  12 anacondas
  An alligator snapping turtle (Shoals:4)
  4 merfolk avatars
  5 merfolk aquamancers
  3 satyrs
  A vampire mage (Crypt:1)
  12 death yaks
  3 naga sharpshooters (Snake:4)
  A death yak (shapeshifter) (Vaults:5)
  A tengu warrior (Depths:1)
  4 orc high priests (Orc:2)
  A storm dragon zombie (WizLab)
  A fire crab (Vaults:5)
  A titan skeleton (Tomb:3)
  7 shock serpents (Snake:4)
  A soul eater (Crypt:1)
  53 death scarabs
  3 salamander mystics (Snake:4)
  3 ghost moth zombies (Crypt:3)
  7 skeletal warriors
  The ghost of JokEr the Thaumaturge, a novice DEWz of Vehumet (D:8)
  3 unseen horrors
  2 deep trolls
  13 sea snakes
  2 flayed ghosts
  3 naga ritualists (Snake:4)
  9 phantasmal warriors
  15 harpies
  2 deep elf magi
  4 lindwurms (Snake:4)
  3 shadow dragon zombies (Crypt:3)
  5 ironbrand convokers
  27 anubis guards
  7 hill giants
  19 orc knights
  7 mana vipers
  6 necromancers
  4 wolf spiders
  2 wolf spider zombies
  3 wizards (D:15)
  3 orc sorcerers
  4 fauns
  A hornet (Lair:8)
  26 ugly things
  5 shining eyes
  6 griffons
  2 salamanders
  8 cyclopes
  9 manticores
  A wolf spider (shapeshifter) (Vaults:2)
  A stone giant zombie (WizLab)
  A shock serpent zombie (Crypt:3)
  4 elephants (Lair:7)
  7 sirens
  25 black mambas
  A dire elephant zombie (Crypt:3)
  Psyche (D:12)
  An eye of devastation (shapeshifter) (Vaults:5)
  6 guardian serpents
  2 ice statues (IceCv)
  14 naga magi
  4 water nymphs
  5 vault sentinels
  2 stone giant skeletons
  An eye of devastation (Slime:4)
  2 demonspawn zombies (WizLab)
  4 gargoyles
  A shock serpent skeleton (Crypt:3)
  4 spiny frogs
  A kobold demonologist (Vaults:3)
  2 spriggan zombies (WizLab)
  10 komodo dragons
  5 ice devils (IceCv)
  33 guardian mummies
  An entropy weaver zombie (WizLab)
  A fire drake (Lair:8)
  3 hellwings (Crypt:3)
  11 yaktaurs
  A hydra zombie (Crypt:3)
  3 freezing wraiths
  14 merfolk
  4 polar bears
  12 trolls
  A two-headed ogre (shapeshifter) (Vaults:5)
  3 fire dragon zombies
  2 wind drakes
  A wolf spider simulacrum (D:14)
  18 blink frogs
  3 snapping turtles
  14 two-headed ogres
  7 ushabtiu
  66 slime creatures
  An ettin zombie (Crypt:3)
  2 human simulacra (Vaults:2)
  4 boulder beetles
  A centaur simulacrum (D:14)
  A stone giant simulacrum (Crypt:1)
  3 ice dragon zombies
  A trapdoor spider (D:14)
  A redback (shapeshifter) (Vaults:5)
  3 redbacks
  6 wraiths
  6 flying skulls (Tomb:2)
  5 wyverns
  A vampire (D:12)
  Sigmund (D:5)
  Eustachio (D:5)
  A human (D:13)
  4 shadows
  An ice dragon skeleton (Tomb:3)
  14 golden eyes
  16 water elementals
  23 yaks
  8 basilisks
  4 steam dragons
  7 hippogriffs
  6 wolves
  A hungry ghost (D:9)
  10 wargs
  A hippogriff (shapeshifter) (D:14)
  10 vampire mosquitoes
  6 mottled dragons
  11 nagas
  15 water moccasins
  A faun zombie (Crypt:1)
  A monstrous demonspawn zombie (WizLab)
  A swamp worm (shapeshifter) (Vaults:5)
  5 porcupines
  A swamp drake (Lair:8)
  3 black bears
  52 orc warriors
  6 sky beasts
  A fire dragon simulacrum (Crypt:1)
  6 wasps
  4 phantoms
  A black bear (shapeshifter) (D:14)
  A blink frog zombie (Crypt:1)
  3 eyes of draining
  11 ice beasts
  A necrophage (D:8)
  A snapping turtle zombie (Crypt:1)
  A manticore zombie (Crypt:3)
  33 ogres
  11 centaurs
  6 crocodiles
  19 giant frogs
  A yaktaur zombie (WizLab)
  An octopode zombie (Crypt:1)
  An elf zombie (Crypt:2)
  7 big kobolds
  A human zombie (WizLab)
  A wyvern zombie (D:9)
  9 wyvern skeletons (Crypt:3)
  3 scorpions
  A yak zombie (Crypt:1)
  5 killer bees
  24 wights
  9 electric eels
  A troll skeleton (Crypt:2)
  A polar bear skeleton (Crypt:1)
  5 crimson imps
  2 centaur zombies
  A wasp zombie (D:12)
  A quasit (D:11)
  2 giant frog zombies (D:12)
  42 orc priests
  Crazy Yiuf (D:5)
  4 giant frog skeletons
  19 orc wizards
  7 centaur skeletons
  4 hounds
  9 jellies
  9 iguanas
  19 worker ants
  30 sheep
  A hound skeleton (D:8)
  25 mummies
  16 adders
  3 gnolls (Orc:1)
  37 river rats
  6 shadow imps
  2 white imps (D:14)
  An ufetubus (D:14)
  4 worms
  2 giant geckos
  137 orcs
  3 bats
  A bat skeleton (Crypt:1)
  3 giant cockroaches
  A goblin (D:3)
  A hobgoblin (D:3)
  12 jackals
  17 kobolds
  4 quokkas
  2 ball pythons
  A jackal zombie (D:7)
  A quokka zombie (D:9)
  8 rats
  A crawling corpse (Vaults:5)
  5 fungi
  25 plants
  6 tentacles
  2 withered plants (Crypt:3)
1730 creatures vanquished.

Vanquished Creatures (collateral kills)
  An ancient lich (WizLab)
  A tengu reaver (Vaults:5)
  A frost giant (Vaults:5)
  A fire giant (Vaults:5)
  A stone giant (Vaults:5)
  2 ironheart preservers (Vaults:5)
  A death ooze (Slime:6)
  A mummy priest (Tomb:1)
  3 vault guards (Vaults:5)
  A yaktaur captain (Vaults:5)
  2 hydras (Lair:5)
  A necromancer (Crypt:3)
  A shining eye (shapeshifter) (Vaults:5)
  A yaktaur (Vaults:5)
  A komodo dragon (Lair:5)
  3 guardian mummies (WizLab)
  2 two-headed ogres (Vaults:5)
  A snapping turtle (shapeshifter) (Vaults:5)
  An ogre (Vaults:5)
  A boulder beetle zombie (WizLab)
27 creatures vanquished.

Vanquished Creatures (others)
  A titan (Vaults:5)
  An eldritch tentacle (WizLab)
  An ancient champion (Tomb:2)
  A merfolk javelineer (Shoals:4)
  A deep elf death mage (Crypt:1)
  A merfolk aquamancer (Shoals:3)
  16 death scarabs
  A troll (Tomb:2)
  3 flying skulls (Tomb:2)
  A yak (D:11)
  A steam dragon (Lair:8)
  A black bear (Tomb:2)
  36 eldritch tentacle segments (WizLab)
  4 fungi
  3 lost souls
  2 plants
  23 tentacles
  985 tentacle segments
  8 withered plants (Crypt:3)
1090 creatures vanquished.

Grand Total: 2847 creatures vanquished

Notes
Turn   | Place    | Note
--------------------------------------------------------------
     0 | D:1      | 4thArraOfDagon the Hill Orc Berserker began the quest for the Orb.
     0 | D:1      | Reached XP level 1. HP: 19/19 MP: 1/1
     2 | D:1      | Noticed a vine stalker
     2 | D:1      | Noticed a human
     4 | D:1      | Noticed a centaur
     4 | D:1      | Noticed an elf
     6 | D:1      | Noticed an octopode
     8 | D:1      | Noticed a draconian
     8 | D:1      | Noticed a demigod
    10 | D:1      | Noticed a troll
    12 | D:1      | Noticed a tengu
    12 | D:1      | Noticed a gargoyle
    14 | D:1      | Noticed a demonspawn
    16 | D:1      | Noticed a vampire
    16 | D:1      | Noticed a formicid
    18 | D:1      | Noticed a felid
    18 | D:1      | Noticed a minotaur
    20 | D:1      | Noticed a dwarf
    20 | D:1      | Noticed a spriggan
    22 | D:1      | Noticed a merfolk
    22 | D:1      | Noticed a naga
    24 | D:1      | Noticed an ogre
    24 | D:1      | Noticed a ghoul
    26 | D:1      | Noticed a halfling
    95 | D:1      | d1 lab
   137 | D:2      | Reached XP level 2. HP: 27/27 MP: 2/2
   267 | D:3      | Reached skill level 5 in Axes
   267 | D:3      | Reached XP level 3. HP: 18/33 MP: 3/3
   278 | D:3      | Reached ** piety under Trog
   278 | D:3      | Reached XP level 4. HP: 23/40 MP: 4/4
   417 | D:5      | Entered Level 5 of the Dungeon
   417 | D:5      | Found Liugapal's Distillery.
   485 | D:5      | Noticed an ogre
   487 | D:5      | Noticed a hippogriff
   497 | D:5      | Killed an ogre
   497 | D:5      | Reached skill level 6 in Axes
   497 | D:5      | Reached XP level 5. HP: 39/47 MP: 5/5
   498 | D:5      | Killed a hippogriff
   498 | D:5      | Reached skill level 5 in Fighting
   498 | D:5      | Reached skill level 7 in Axes
   498 | D:5      | Reached XP level 6. HP: 45/56 MP: 6/6
   511 | D:5      | Found Aczuihumn's Weapon Shoppe.
   541 | D:5      | Found Aryw's Weapon Emporium.
   601 | D:5      | Noticed a phantom
   632 | D:5      | Killed a phantom
   632 | D:5      | Reached skill level 8 in Axes
   632 | D:5      | Reached XP level 7. HP: 61/61 MP: 7/7
   662 | D:5      | Found a glowing drain.
   684 | Sewer    | Entered a sewer
   781 | Sewer    | Found a glowing silver altar of Zin.
   872 | D:6      | Reached skill level 5 in Armour
   933 | D:5      | Noticed Eustachio
   944 | D:4      | Found an ancient bone altar of Kikubaaqudgha.
   945 | D:4      | Found a deep blue altar of Sif Muna.
   946 | D:4      | Found a sparkling altar of Nemelex Xobeh.
  1018 | D:4      | Reached *** piety under Trog
  1050 | D:5      | Killed Eustachio
  1050 | D:5      | Reached skill level 9 in Axes
  1050 | D:5      | Reached XP level 8. HP: 70/70 MP: 8/8
  1079 | D:5      | The orc priest mumbles some strange prayers to Beogh against you. _Something smites you! The orc priest invokes the aid of Beogh against you. _Something smites you! The orc priest invokes the aid of Beogh against you. _Something smites you! An orc comes into view. It is wielding a club. The orc priest mumbles some strange prayers to Beogh against you. Something smites you!
  1079 | D:5      | smite city online
  1088 | D:4      | zero: :)
  1110 | D:4      | You fall through a shaft for 3 floors!
  1129 | D:8      | Noticed JokEr's ghost (novice DEWz)
  1329 | D:5      | Noticed Sigmund
  1340 | D:5      | Killed Sigmund
  1365 | D:5      | Reached skill level 10 in Axes
  1614 | D:5      | Noticed Crazy Yiuf
  1617 | D:5      | Killed Crazy Yiuf
  1732 | D:5      | Bought a +3 war axe of electrocution for 282 gold pieces
  1838 | D:8      | Found Lovep's Magic Scroll Emporium.
  1886 | D:8      | Found Bifuph's Weapon Shoppe.
  1907 | D:9      | o lol
  1931 | D:8      | Reached skill level 11 in Axes
  1931 | D:8      | Reached XP level 9. HP: 70/79 MP: 9/9
  1941 | D:8      | Killed JokEr's ghost
  1960 | D:8      | Found Serricoa's Book Shop.
  2049 | D:9      | Reached skill level 12 in Axes
  2076 | D:9      | Got a warped trident
  2085 | D:10     | Entered Level 10 of the Dungeon
  2148 | D:10     | Noticed a troll
  2156 | D:10     | Killed a troll
  2330 | D:10     | Noticed a hill giant
  2333 | D:10     | Killed an unseen horror
  2333 | D:10     | Reached skill level 13 in Axes
  2333 | D:10     | Reached XP level 10. HP: 81/91 MP: 10/10
  2337 | D:10     | Killed a hill giant
  2378 | D:9      | Noticed a gargoyle
  2442 | D:10     | Killed an unseen horror
  2484 | D:11     | Identified a scroll of acquirement
  2523 | D:11     | Reached skill level 14 in Axes
  2586 | D:11     | Noticed a purple ugly thing
  2596 | D:11     | Killed a purple ugly thing
  2596 | D:11     | Reached skill level 10 in Fighting
  2631 | D:11     | Noticed a cyan ugly thing
  2636 | D:11     | Noticed a brown ugly thing
  2663 | D:11     | Killed a cyan ugly thing
  2674 | D:11     | Killed a brown ugly thing
  2674 | D:11     | Reached XP level 11. HP: 101/101 MP: 11/11
  2680 | D:11     | Reached skill level 15 in Axes
  2745 | D:11     | Noticed a cyan ugly thing
  2764 | D:11     | Killed a cyan ugly thing
  2764 | D:11     | Reached **** piety under Trog
  2777 | D:11     | Found a frozen archway.
  2834 | IceCv    | Entered an ice cave
  3004 | IceCv    | Reached skill level 10 in Armour
  3073 | IceCv    | Noticed a necromancer
  3079 | IceCv    | Killed a necromancer
  3094 | IceCv    | Got a jewelled scale mail
  3163 | D:11     | Identified the +0 scale mail of Terror {rElec MR+} (You found it in an ice cave)
  3189 | D:11     | Reached skill level 16 in Axes
  3322 | D:12     | Found a staircase to the Orcish Mines.
  3337 | D:12     | Noticed Psyche
  3349 | D:12     | Killed Psyche
  3468 | Orc:1    | Entered Level 1 of the Orcish Mines
  3571 | Orc:2    | Entered Level 2 of the Orcish Mines
  3574 | Orc:2    | Reached XP level 12. HP: 111/111 MP: 12/12
  3697 | Orc:1    | Reached skill level 17 in Axes
  3843 | Orc:2    | Reached ***** piety under Trog
  4062 | Orc:2    | Found a roughly hewn altar of Beogh.
  4188 | Orc:2    | Found Zocraos's Antique Weapon Emporium.
  4229 | Orc:2    | Found Kesob's Armour Shoppe.
  4307 | Orc:2    | Reached skill level 18 in Axes
  4742 | Orc:2    | Noticed an orc warlord
  4759 | Orc:2    | Killed an orc warlord
  4759 | Orc:2    | Reached XP level 13. HP: 119/119 MP: 13/13
  4807 | Orc:2    | Found a roughly hewn altar of Beogh.
  4827 | Orc:2    | Found Uphul's Book Emporium.
  4886 | Orc:2    | Found Dinailan's General Store.
  4905 | Orc:2    | Bought a scroll of identify for 28 gold pieces
  4905 | Orc:2    | Bought a scroll of magic mapping for 49 gold pieces
  4905 | Orc:2    | Bought a scroll of identify for 28 gold pieces
  4905 | Orc:2    | Bought a scroll of teleportation for 42 gold pieces
  5013 | Orc:2    | Reached skill level 19 in Axes
  5175 | D:12     | Gained mutation: You are dopey. (Int -2) [mutagenic meat]
  5176 | D:12     | Gained mutation: You have large cloven feet. [mutagenic meat]
  5209 | D:12     | Gained mutation: You are weak. (Str -2) [mutagenic meat]
  5211 | D:12     | Gained mutation: You are frail (-10% HP). [mutagenic meat]
  5212 | D:12     | Gained mutation: You are somewhat resistant to further mutation. [mutagenic meat]
  5679 | D:13     | Received a gift from Trog
  5849 | D:15     | Entered Level 15 of the Dungeon
  5858 | D:15     | Noticed an ogre mage
  5872 | D:15     | Killed an ogre mage
  5876 | D:15     | Reached skill level 20 in Axes
  5896 | D:15     | Found Byvoa's Antique Weapon Shoppe.
  6095 | D:14     | Reached XP level 14. HP: 117/117 MP: 14/14
  6702 | D:15     | Found a staircase to the Depths.
  6723 | Depths:1 | Entered Level 1 of the Depths
  6723 | Depths:1 | Noticed a purple very ugly thing
  6777 | Depths:1 | Received a gift from Trog
  6779 | Depths:1 | Killed a purple very ugly thing
  6779 | Depths:1 | Reached skill level 21 in Axes
  6817 | Depths:1 | Noticed a green very ugly thing
  6829 | Depths:1 | Killed a green very ugly thing
  6829 | Depths:1 | Noticed a green very ugly thing
  6869 | D:15     | Kolbur: rip dragon hide
  6887 | Depths:1 | Killed a cyan very ugly thing
  6958 | Depths:1 | Found a magical portal.
  6993 | WizLab   | Entered Doroklohe's Tomb
  7015 | WizLab   | Kolbur: oh boy
  7083 | WizLab   | Reached skill level 1 in Evocations
  7152 | WizLab   | Got a faintly glowing chain mail
  7197 | WizLab   | Noticed an ancient lich
  7204 | WizLab   | Noticed a cacodemon
  7205 | WizLab   | Killed an ancient lich
  7205 | WizLab   | Reached skill level 15 in Fighting
  7205 | WizLab   | Reached XP level 15. HP: 126/126 MP: 16/16
  7207 | WizLab   | Noticed an eldritch tentacle
  7227 | WizLab   | Killed an eldritch tentacle
  7243 | WizLab   | Got a steaming ring mail
  7265 | WizLab   | 4thArraOfDagon: gda
  7265 | WizLab   | Identified the +6 chain mail "Iqeuvif" {Dex+4} (You found it in a wizard's laboratory)
  7266 | WizLab   | Identified the +1 ring mail of Peybluarr {Str+3 Int+2} (You found it in a wizard's laboratory)
  7298 | Depths:1 | 4thArraOfDagon: i can go to lair now
  7345 | Depths:1 | Kolbur: well dang
  7444 | D:12     | Kolbur: did you do orc?
  7473 | D:11     | 4thArraOfDagon: ye
  7587 | D:9      | Found Suer's Distillery.
  7590 | D:9      | Kolbur: any gifts from trog?
  7590 | D:9      | Bought a potion of curing for 45 gold pieces
  7590 | D:9      | Bought a potion of curing for 45 gold pieces
  7590 | D:9      | Bought a potion of curing for 45 gold pieces
  7590 | D:9      | Bought a potion of mutation for 37 gold pieces
  7594 | D:9      | 4thArraOfDagon: naa
  7594 | D:9      | Lost mutation: You are weak. (Str -2) [potion of mutation]
  7753 | D:9      | Noticed an orc warlord
  7765 | D:9      | Killed an orc warlord
  7888 | D:8      | Bought a scroll of magic mapping for 35 gold pieces
  7888 | D:8      | Bought a scroll of enchant weapon for 75 gold pieces
  7888 | D:8      | Bought a scroll of enchant armour for 75 gold pieces
  7888 | D:8      | Bought a scroll of identify for 20 gold pieces
  7888 | D:8      | Bought a scroll of identify for 20 gold pieces
  7888 | D:8      | Bought a scroll of blinking for 75 gold pieces
  7888 | D:8      | Bought a scroll of identify for 20 gold pieces
  7888 | D:8      | Bought a scroll of identify for 20 gold pieces
  7888 | D:8      | Bought a scroll of summoning for 95 gold pieces
  7976 | D:5      | Bought a potion of haste for 110 gold pieces
  7976 | D:5      | Bought a potion of mutation for 27 gold pieces
  7976 | D:5      | Bought a potion of agility for 44 gold pieces
  7976 | D:5      | Bought a potion of cancellation for 88 gold pieces
  7976 | D:5      | Bought a potion of might for 44 gold pieces
  7976 | D:5      | Bought a potion of curing for 33 gold pieces
  7976 | D:5      | Bought a potion of curing for 33 gold pieces
  7979 | D:5      | Identified the +12 trident of Otyunwor {drain, MR+ Int+3} (You found it on level 9 of the Dungeon)
  8377 | D:9      | You fall through a shaft for 3 floors!
  8412 | D:11     | Upgraded the game from 0.18-a0-1014-g3bbf375 to 0.18-a0-1027-g814d7dd
  8500 | D:11     | Reached skill level 22 in Axes
  8828 | D:9      | Bought a potion of flight for 45 gold pieces
  9042 | D:11     | Found a staircase to the Lair.
  9050 | D:11     | pff
  9051 | Lair:1   | Entered Level 1 of the Lair of Beasts
  9118 | Lair:1   | You fall through a shaft!
  9396 | Lair:4   | Found a staircase to the Shoals.
  9610 | Lair:4   | Noticed Rupert
  9625 | Lair:4   | Killed Rupert
  9843 | Lair:5   | Noticed Snorg
  9857 | Lair:5   | Killed Snorg
 10029 | Lair:8   | Entered Level 8 of the Lair of Beasts
 10122 | Lair:8   | Found an ancient bone altar of Kikubaaqudgha.
 10196 | Lair:8   | Reached ****** piety under Trog
 10294 | Lair:8   | Reached skill level 5 in Evocations
 10306 | Lair:8   | Received a gift from Trog
 10521 | Lair:8   | Reached XP level 16. HP: 133/135 MP: 19/19
 10626 | Lair:8   | Got a twisted plate armour
 10637 | Lair:8   | Identified the +1 plate armour of the Centipede {rN+ Stlth+} (You found it on level 8 of the Lair of Beasts)
 10751 | Lair:7   | Reached skill level 15 in Armour
 10752 | Lair:7   | Reached skill level 23 in Axes
 10857 | Lair:6   | Received a gift from Trog
 10862 | Lair:6   | Got an ebony battleaxe {god gift}
 10863 | Lair:6   | Identified the +7 battleaxe "Rythuil" {drain, +Inv rN+ Int+5} (Trog gifted it to you on level 6 of the Lair of Beasts)
 11063 | Shoals:1 | Entered Level 1 of the Shoals
 11066 | Shoals:1 | Noticed a kraken
 11114 | Shoals:1 | Killed a kraken
 11153 | Shoals:1 | Found Juseadwu's Jewellery Boutique.
 11271 | Shoals:3 | Noticed Polyphemus
 11628 | Shoals:4 | Entered Level 4 of the Shoals
 11645 | Shoals:3 | Received a gift from Trog
 11680 | Shoals:3 | Noticed Jorgrun
 11739 | Shoals:3 | Killed Jorgrun
 12101 | Shoals:3 | Reached skill level 5 in Dodging
 12144 | Shoals:3 | Reached XP level 17. HP: 92/143 MP: 22/22
 12199 | Shoals:4 | Noticed Ilsuiw
 12245 | Shoals:4 | Killed Ilsuiw
 12347 | Shoals:4 | Reached skill level 24 in Axes
 12503 | Shoals:4 | Noticed a kraken
 12842 | Shoals:4 | Got a pitted scale mail
 13059 | Shoals:4 | Noticed a kraken
 13086 | Shoals:4 | Killed a kraken
 13093 | Shoals:4 | Got a barnacled rune of Zot
 13265 | Lair:4   | Found a staircase to the Snake Pit.
 13280 | Lair:4   | Identified the +2 scale mail "Soaqi" {Stlth+} (You found it on level 4 of the Shoals)
 13301 | Snake:1  | Entered Level 1 of the Snake Pit
 13522 | Snake:4  | Entered Level 4 of the Snake Pit
 13632 | Snake:4  | Received a gift from Trog
 13731 | Snake:4  | Reached XP level 18. HP: 151/153 MP: 24/24
 14021 | Snake:4  | Reached skill level 25 in Axes
 14026 | Snake:4  | Received a gift from Trog
 14175 | Snake:4  | Got a serpentine rune of Zot
 14436 | Lair:8   | Found a staircase to the Slime Pits.
 14456 | Slime:1  | Entered Level 1 of the Pits of Slime
 14619 | Slime:4  | Gained mutation: You tend to lose your temper in combat. [a shining eye]
 14625 | Slime:4  | Gained mutation: You expend magic power (3 MP) to strengthen your wands. [a shining eye]
 14627 | Slime:4  | Gained mutation: Your body sometimes deteriorates upon taking damage. [a shining eye]
 14700 | Slime:5  | Reached XP level 19. HP: 144/161 MP: 25/25
 14725 | Slime:5  | Received a gift from Trog
 14812 | Slime:6  | Entered Level 6 of the Pits of Slime
 14981 | Slime:6  | Found a viscous altar of Jiyva.
 14983 | Slime:6  | Noticed the Royal Jelly
 15003 | Slime:6  | Killed the Royal Jelly
 15003 | Slime:6  | Reached skill level 26 in Axes
 15055 | Slime:6  | Got a slimy rune of Zot
 15093 | Slime:6  | Got an ancient battleaxe
 15123 | Slime:6  | Identified the +11 battleaxe of the Ten Stars {chop, MR+ Str+9 Dex-3 Stlth+} (You found it on level 6 of the Pits of Slime)
 15124 | Slime:6  | oh
 15126 | Slime:6  | Turgon: Heyo - exec axe still better?
 15132 | Slime:6  | 4thArraOfDagon: holy one yes :)
 15150 | Slime:6  | 4thArraOfDagon: hmm
 15150 | Slime:6  | Turgon: Mhmm, Str +9 with b-axe
 15150 | Slime:6  | 4thArraOfDagon: maybe not
 15150 | Slime:6  | 4thArraOfDagon: 9str yes
 15160 | Slime:6  | Turgon: That's 4.5 slay if I'm right
 15168 | Slime:6  | Got a slimy silver ring
 15169 | Slime:6  | 4thArraOfDagon: yea its better then
 15181 | Slime:6  | Turgon: Well, Dex-3
 15181 | Slime:6  | 4thArraOfDagon: and extra mr never hurts
 15181 | Slime:6  | 4thArraOfDagon: and some stealth
 15181 | Slime:6  | Turgon: Yes, MR+
 15182 | Slime:6  | Identified the ring of the Eight Curses {rN+ Int+3} (You found it on level 6 of the Pits of Slime)
 15318 | Lair:6   | 4thArraOfDagon: i have to hasten things up
 15331 | Lair:5   | Turgon: = ?
 15337 | Lair:4   | 4thArraOfDagon: take more risks than i thought
 15337 | Lair:4   | 4thArraOfDagon: i dont know yet what it will take but
 15337 | Lair:4   | 4thArraOfDagon: i know that 15k with 3 runes is ultrabad
 15383 | Lair:1   | Turgon: Well, other players are worse :-)
 15386 | Lair:1   | Turgon: One story from tavern:
 15409 | D:11     | Turgon: A player complained about wrong potions
 15427 | D:10     | Turgon: He said he quaffed hw and it was another pot
 15451 | D:10     | Turgon: ... and he died
 15456 | D:9      | Turgon: Complained about the game
 15477 | D:9      | Turgon: Fact: he quaffed haste instead of hw!
 15477 | D:9      | Bought 2 potions of cure mutation for 750 gold pieces
 15477 | D:9      | Bought a potion of resistance for 150 gold pieces
 15477 | D:9      | Bought a potion of magic for 120 gold pieces
 15477 | D:9      | Bought a potion of magic for 120 gold pieces
 15477 | D:9      | Lost mutation: Your body sometimes deteriorates upon taking damage. [potion of cure mutation]
 15477 | D:9      | Lost mutation: You are frail (-10% HP). [potion of cure mutation]
 15478 | D:9      | im fine with that
 15479 | D:9      | 4thArraOfDagon: this is fair, right?
 15479 | D:9      | 4thArraOfDagon: mp, rage and -2int for rmut
 15479 | D:9      | Turgon: berserkitis is bad
 15533 | D:6      | 4thArraOfDagon: im expecting clutchy game anyway
 15543 | D:5      | Found a deep blue altar of Sif Muna.
 15572 | D:5      | Found a staircase to the Ecumenical Temple.
 15579 | Temple   | Entered the Ecumenical Temple
 15594 | Temple   | Fell from the grace of Trog
 15594 | Temple   | Became a worshipper of the Shining One
 15682 | D:8      | Turgon: Trogsendsforces Youdie...
 15698 | D:8      | You fall through a shaft for 2 floors!
 15717 | D:10     | Yermak: Fuck Charly
 15727 | D:10     | Turgon: ?
 15727 | D:10     | 4thArraOfDagon: what
 15727 | D:10     | 4thArraOfDagon: his game?
 15727 | D:10     | Yermak: He died at 17k turns in Coc:7 with 13 runes
 15727 | D:10     | 4thArraOfDagon: he botched this
 15727 | D:10     | Turgon: yes
 15727 | D:10     | 4thArraOfDagon: i dont know what happened
 15727 | D:10     | Turgon: He had incredible ring
 15727 | D:10     | Yermak: Now I met his ghost along with Anta and 3-5 fiends
 15727 | D:10     | Turgon: And incredible start
 15727 | D:10     | Turgon: argh
 15727 | D:10     | Yermak: That was fucking shit
 15727 | D:10     | 4thArraOfDagon: oh haha yermak
 15727 | D:10     | Yermak: incredible fight
 15727 | D:10     | 4thArraOfDagon: nonsense
 15727 | D:10     | Yermak: lots of Cnotrol undead, scrolls of summoning, scrolls of recharging and wand of healing
 15727 | D:10     | 4thArraOfDagon: ghost are op as fuck in late parts of the game
 15727 | D:10     | Yermak: I fucking killed all with swarm of ice shrikes
 15727 | D:10     | 4thArraOfDagon: thats what i noticed consistently
 15727 | D:10     | Yermak: Anta died
 15727 | D:10     | Yermak: And the next turn this shit killed me by lrding enslaved simulacra for 73 damage
 15727 | D:10     | 4thArraOfDagon: what, fuck
 15727 | D:10     | 4thArraOfDagon: !
 15727 | D:10     | Yermak: Now there are 2 ghosts
 15727 | D:10     | 4thArraOfDagon: im expecting to die to your ghost now
 15727 | D:10     | 4thArraOfDagon: dont worry ;=)
 15727 | D:10     | Turgon: 4thArra, wanna go to Coc??
 15727 | D:10     | 4thArraOfDagon: i remember what i was fuckin king of ghosts
 15727 | D:10     | Yermak: You're on 0.18, you're safe
 15727 | D:10     | 4thArraOfDagon: they were everywhere
 15727 | D:10     | Yermak: Ghosts are in 0.17
 15727 | D:10     | 4thArraOfDagon: oh right
 15727 | D:10     | 4thArraOfDagon: 0.18 still sucks so im still not THAT happy
 15727 | D:10     | 4thArraOfDagon: but man
 15727 | D:10     | 4thArraOfDagon: on the other hand
 15727 | D:10     | Yermak: ncie axe, btw
 15727 | D:10     | 4thArraOfDagon: his heroic death didnt go in the vain :)
 15727 | D:10     | Turgon: I think if Charly continues playing he'll get #1 score sooner or later
 15727 | D:10     | 4thArraOfDagon: oh
 15727 | D:10     | 4thArraOfDagon: first: he has to recover
 15727 | D:10     | Yermak: yes, he didn't waste turns shambling on levels aimlessly
 15727 | D:10     | 4thArraOfDagon: if that ever happen it will surely be in at most 0.17 version
 15727 | D:10     | Yermak: and picking up items when you have 52 of them
 15761 | D:11     | Learned a level 1 spell: Apportation
 15764 | D:11     | Learned a level 2 spell: Blink
 15769 | D:11     | Learned a level 4 spell: Passage of Golubria
 15773 | D:11     | Learned a level 2 spell: Cure Poison
 15882 | D:14     | Reached skill level 1 in Invocations
 15909 | D:14     | oh rly
 15928 | D:13     | Turgon: There we are
 15936 | D:13     | Found a gate to the Vaults.
 15948 | Vaults:1 | Entered Level 1 of the Vaults
 15966 | Vaults:1 | Reached skill level 1 in Translocations
 16002 | Vaults:2 | Reached * piety under the Shining One
 16005 | Vaults:2 | Turgon: oh, 1*
 16025 | Vaults:2 | Yermak: it's crypt
 16063 | Vaults:1 | Yermak: ops
 16168 | Vaults:2 | Reached skill level 1 in Spellcasting
 16407 | Vaults:3 | Reached ** piety under the Shining One
 16585 | Vaults:2 | Reached skill level 5 in Invocations
 16719 | Vaults:2 | Reached XP level 20. HP: 189/189 MP: 21/26
 16805 | Vaults:2 | Turgon: I really really dislike this stupid searching for branch entrances
 16823 | Vaults:2 | Turgon: That's one reason I went with Ash so often
 16918 | Vaults:3 | Noticed a bone dragon
 16928 | Vaults:3 | Killed a bone dragon
 16931 | Vaults:3 | Found a staircase to the Crypt.
 16948 | Crypt:1  | Entered Level 1 of the Crypt
 16965 | Crypt:1  | Reached *** piety under the Shining One
 17076 | Crypt:1  | Gained mutation: You are partially covered in large bone plates (AC +2, SH +2). [potion of beneficial mutation]
 17079 | Crypt:1  | Reached **** piety under the Shining One
 17203 | Crypt:2  | Found a basalt altar of Yredelemnul.
 17224 | Crypt:2  | Reached ***** piety under the Shining One
 17229 | Crypt:3  | Entered Level 3 of the Crypt
 17236 | Crypt:3  | Identified a +3 rod of clouds (13/13) (You found it on level 2 of the Crypt)
 17255 | Crypt:3  | Noticed Saint Roka
 17277 | Crypt:3  | Noticed an ancient lich
 17277 | Crypt:3  | Noticed a lich
 17286 | Crypt:3  | Killed a lich
 17287 | Crypt:3  | Turgon: wow, nice telep
 17294 | Crypt:3  | Killed an ancient lich
 17310 | Crypt:3  | Identified a +4 rod of shadows (13/13) (You found it on level 3 of the Crypt)
 17311 | Crypt:3  | Turgon: Mirror is always nice
 17347 | Crypt:3  | Reached skill level 5 in Translocations
 17376 | Crypt:3  | Reached ****** piety under the Shining One
 17377 | Crypt:3  | Turgon: 6*
 17381 | Crypt:3  | Found a staircase to the Tomb.
 17437 | Tomb:1   | Entered Level 1 of the Tomb of the Ancients
 17471 | Tomb:1   | Noticed a greater mummy
 17478 | Tomb:1   | Turgon: Mhmm, no holy exec axe?
 17478 | Tomb:1   | Killed a greater mummy
 17481 | Tomb:1   | not this
 17504 | Tomb:1   | Noticed a greater mummy
 17519 | Tomb:1   | HP: 4/189 [sphinx/divine providence (12)]
 17528 | Tomb:1   | Turgon: lol, 4 HP
 17587 | Tomb:1   | Noticed a greater mummy
 17593 | Tomb:1   | Noticed a greater mummy
 17593 | Tomb:1   | Noticed a greater mummy
 17601 | Tomb:1   | 4thArraOfDagon: i be back in an hour
 17601 | Tomb:1   | 4thArraOfDagon: ok?
 17601 | Tomb:1   | Turgon: ok
 17748 | Tomb:1   | Noticed a greater mummy
 17761 | Tomb:1   | Noticed a greater mummy
 17963 | Tomb:1   | Paralysed by a sphinx for 4 turns
 17972 | Tomb:1   | Noticed a greater mummy
 17975 | Tomb:1   | Noticed a greater mummy
 17977 | Tomb:1   | Noticed a greater mummy
 17983 | Tomb:1   | Killed a greater mummy
 17983 | Tomb:1   | Reached XP level 21. HP: 193/193 MP: 3/28
 17991 | Tomb:1   | Noticed a greater mummy
 18035 | Tomb:2   | Noticed an ancient lich
 18035 | Tomb:2   | Noticed a greater mummy
 18041 | Tomb:2   | Paralysed by an ancient lich for 3 turns
 18044 | Tomb:2   | Noticed a greater mummy
 18062 | Tomb:2   | Reached skill level 10 in Invocations
 18164 | Tomb:3   | Entered Level 3 of the Tomb of the Ancients
 18183 | Tomb:3   | Noticed a greater mummy
 18247 | Tomb:3   | Noticed a greater mummy
 18247 | Tomb:3   | Noticed a greater mummy
 18248 | Tomb:3   | Noticed a greater mummy
 18249 | Tomb:3   | Noticed a greater mummy
 18308 | Tomb:3   | Identified the Almanac of Igneous Arcane Weapons (You found it on level 3 of the Tomb of the Ancients)
 18324 | Tomb:3   | Got a spiked fire dragon armour
 18324 | Tomb:3   | Got a wavering iron ring
 18325 | Tomb:3   | Identified the cursed +1 fire dragon armour of Idghomu {rF++ rC- Str+5} (You found it on level 3 of the Tomb of the Ancients)
 18338 | Tomb:3   | Turgon: Hey, I made a warning in tavern about Coc:7!
 18339 | Tomb:3   | Turgon: https://crawl.develz.org/tavern/viewtopic.php?f=12&t=18776&sid=60d50fc3bc422fd6c6799b23128b7ed7
 18340 | Tomb:3   | Identified the ring "Xooromosso" {SustAt rF+ Str+2 Dex+7} (You found it on level 3 of the Tomb of the Ancients)
 18342 | Tomb:3   | 4thArraOfDagon: really
 18342 | Tomb:3   | 4thArraOfDagon: haha
 18342 | Tomb:3   | Yermak: lol
 18342 | Tomb:3   | Turgon: I wonder if we will see a third ghost soon :-)
 18360 | Tomb:3   | Learned a level 2 spell: Stoneskin
 18417 | Tomb:3   | Noticed a greater mummy
 18435 | Tomb:3   | Killed a greater mummy
 18452 | Tomb:3   | Killed a greater mummy
 18468 | Tomb:3   | Killed a greater mummy
 18469 | Tomb:3   | Killed a greater mummy
 18469 | Tomb:3   | Reached skill level 10 in Dodging
 18501 | Tomb:3   | Noticed a greater mummy
 18506 | Tomb:3   | Noticed a lich
 18517 | Tomb:3   | Killed a lich
 18518 | Tomb:3   | Killed a greater mummy
 18528 | Tomb:3   | Turgon: Trog still angry? (I think so)
 18586 | Tomb:3   | 4thArraOfDagon: yea
 18646 | Tomb:3   | Turgon: Cleansing flame and HP on evil kills is really a great combo
 18647 | Tomb:3   | Reached skill level 5 in Spellcasting
 18731 | Tomb:3   | Noticed a greater mummy
 18738 | Tomb:3   | Reached XP level 22. HP: 206/206 MP: 30/30
 18740 | Tomb:3   | Noticed a greater mummy
 18789 | Tomb:3   | Got a golden rune of Zot
 18901 | Tomb:1   | Noticed a greater mummy
 19082 | Crypt:2  | Yermak: omg, they've removed invis rings
 19091 | Crypt:1  | Turgon: ??
 19129 | Crypt:1  | Turgon: I think 0.18 will be an entire new game
 19133 | Crypt:1  | Lost mutation: You tend to lose your temper in combat. [helix card]
 19134 | Crypt:1  | 4thArraOfDagon: when
 19134 | Crypt:1  | 4thArraOfDagon: o_O
 19134 | Crypt:1  | 4thArraOfDagon: latest release removed?
 19134 | Crypt:1  | Yermak: ?
 19134 | Crypt:1  | 4thArraOfDagon: invis ring
 19156 | Crypt:1  | Yermak: http://s-z.org/neil/git/?p=crawl.git;a=commit;h=2ca0d9c4118f607ab2e31d43b07f705a96f8feb7
 19159 | Vaults:3 | 4thArraOfDagon: o haha
 19159 | Vaults:3 | 4thArraOfDagon: intersting
 19286 | Vaults:5 | Entered Level 5 of the Vaults
 19422 | Vaults:5 | Reached skill level 10 in Evocations
 19901 | Vaults:5 | Got a brightly glowing platinum ring
 19908 | Vaults:5 | Identified the ring of Mucef {+/*Tele rElec rC++ Str-5 SInv} (You found it on level 5 of the Vaults)
 19917 | Vaults:5 | Learned a level 3 spell: Spectral Weapon
 19920 | Vaults:5 | Learned a level 2 spell: Song of Slaying
 20067 | Vaults:5 | Reached XP level 23. HP: 113/215 MP: 33/33
 20119 | Vaults:5 | Found Coplupne's Magic Scroll Shop.
 20150 | Vaults:5 | Found Syudop's Food Shoppe.
 20276 | Vaults:5 | Slain by a titan

Vault maps used:
D:1:      kb_arrival_jail, serial_bayou_pond_a, minmay_three_crescents
D:2:      grunt_temple_overflow_order_and_chaos_1, first_bread, uniq_terence
D:3:      uniq_robin
D:4:      grunt_temple_overflow_open, kennysheep_mini_moat,
          gammafunk_temple_overflow_pools, serial_forest,
          infiniplex_forest_straight_3, infiniplex_forest_clump_diagonal,
          infiniplex_forest_side_room, infiniplex_forest_zigzag_2,
          infiniplex_forest_clump_small, infiniplex_forest_lined_3,
          infiniplex_forest_end_double, infiniplex_forest_straight_4,
          infiniplex_forest_straight_3, infiniplex_forest_corner_2
D:5:      minmay_temple_entry_metal_lava, portal_sewer_entry_e, serial_shops,
          nicolae_shop_crystal, shop, shop_coins, led_sif_pool, uniq_sigmund,
          uniq_eustachio, uniq_crazy_yiuf_cottage
D:6:      uniq_prince_ribbit1
D:8:      serial_shops, shop, nicolae_shop_window_shopping,
          nicolae_shop_waterfront
D:9:      lemuel_castle_with_subvaults, serial_shops, kennysheep_mini
D:11:     lair_0_dummy, portal_ice_cave_entry_ice_beasts, lab_entry_generic
D:12:     minmay_four_partial_circles, david_orc_2, uniq_psyche
D:13:     grunt_vaults_entry_fortified, minmay_misc_feat_alley,
          hangedman_tree_tricks, serial_park_tiny_2, amalloy_card_club
D:14:     serial_ice, serial_ice_h, serial_ice_k, serial_ice_d, serial_ice_a,
          minmay_misc_feat_enclosed
D:15:     grunt_enter_depths_magical_seal, hangedman_decor_slide_cut,
          serial_shops, shop, lightli_swarmer
Temple:   oiseaux_autumnal_temple_12
Lair:2:   infiniplex_staircase_pool_2, serial_bayou_shore_b, grunt_megastairs_5,
          serial_bayou_shore_a
Lair:4:   shoals_dummy_entry, dummy_snake_entry, serial_bayou_lagoon_a,
          grunt_forest_small_clearings, lemuel_another_geyser,
          grunt_megastairs_1, lemuel_fruit_fields, lemuel_fruit_tree,
          infiniplex_staircase_pool, uniq_rupert
Lair:5:   grunt_megastairs_4, serial_bayou_shore_b, lemuel_fruit_fields,
          uniq_snorg
Lair:6:   serial_forest, infiniplex_forest_zigzag_1,
          infiniplex_forest_straight_2, infiniplex_forest_end_3,
          infiniplex_forest_lined_corner, infiniplex_forest_straight_2,
          infiniplex_forest_3_way, infiniplex_forest_end_1,
          infiniplex_forest_join
Lair:7:   beast_lair_carwin_large_3, lemuel_fruit_fields
Lair:8:   hangedman_lair_tendril_chambers, guppyfry_lair_end_dragon,
          dpeg_slime_entry_corner, nicolae_quartered_pool_super,
          lemuel_oklob_altar
Shoals:1: serial_shops, nicolae_shop_stone
Shoals:2: nicolae_shoals_c_island, uniq_aizul, uniq_frances
Shoals:3: uniq_jorgrun, uniq_polyphemus
Shoals:4: shoals_end_hangedman, shoals_ilsuiw_ice
Snake:1:  basic_altar, spider_trap
Snake:2:  minmay_snake_pond, basic_stair_grate_trap, grunt_megastairs_3
Snake:4:  snake_pit_salamanders_mu
Slime:1:  nicolae_slime_barrier
Slime:5:  cheibrodos_slime_lost_civilization_5
Slime:6:  uniq_dissolution
Orc:1:    mines4_lemuel
Orc:2:    pubby_orc_utopia
Vaults:1: vaults_room_ringed_pool, nicolae_vaults_three_branches,
          vaults_dpeg_spiral, vaults_mumra_chevron, vaults_room_fancy_cross,
          grunt_vaults_twisty, nicolae_vaults_little_squares_5,
          ontoclasm_vaults_shuriken, nicolae_vaults_border_crossing, v_misc_26,
          serial_shops, shop_statue
Vaults:2: vaults_room_door_hall, v_alt_pattern_5, hangedman_vaults_snaps,
          nicolae_vaults_alarming, vaults_standard_mumra_x, vaults_room_fours,
          nicolae_vaults_little_squares_3, nicolae_vaults_little_squares_2,
          ontoclasm_vaults_ring_large, vaults_room_large_hall
Vaults:3: vaults_dpeg_doors, minmay_crypt_entry_nasty_monster,
          hangedman_vaults_river_flow, hangedman_vaults_stretched_pinwheel,
          vaults_mumra_hexcomb, nicolae_vaults_quartermaster, v_misc_15,
          v_pattern_5
Vaults:4: vaults_room_pools, nicolae_vaults_rhombus_5, vaults_room_boxed,
          ontoclasm_vaults_claustrophobia, st_lattice, v_pattern_2,
          nicolae_vaults_little_squares_3, grunt_vaults_hallway_long,
          hangedman_vaults_restitches, vaults_mumra_minichess,
          vaults_room_large_hall, nicolae_vaults_twisting_passages, v_misc_30,
          ontoclasm_vaults_pinch, uniq_mennas
Vaults:5: serial_shops
Crypt:2:  lemuel_minitomb, basic_altar
Crypt:3:  evilmike_haunted_forest, uniq_boris, uniq_saint_roka
Depths:1: hell_entry, lightli_enter_wizlab_magi_temple, minmay_hedge_maze,
          solitary_fountain, nrook_mini_backslash, evilmike_ruin_ashenzari
Sewer:    sewer_kobolds
IceCv:    ice_cave_tombish
WizLab:   wizlab_doroklohe

Action                   |  1- 3 |  4- 6 |  7- 9 | 10-12 | 13-15 | 16-18 | 19-21 | 22-24 || total
-------------------------+-------+-------+-------+-------+-------+-------+-------+-------++-------
Melee: Hand axe          |    37 |    45 |   202 |       |       |       |       |       ||   284
       War axe           |       |       |    73 |   462 |  1094 |   132 |       |       ||  1761
       Battleaxe         |       |       |       |       |       |   917 |   756 |   442 ||  2115
       Executioner's axe |       |       |       |       |       |       |    49 |       ||    49
 Cast: Apportation       |       |       |       |       |       |       |    17 |     6 ||    23
       Blink             |       |       |       |       |       |       |     1 |     3 ||     4
       Passage of Golubr |       |       |       |       |       |       |       |     2 ||     2
Invok: Berserk           |     2 |     5 |    11 |    22 |    28 |    16 |     4 |       ||    88
       Trog's Hand       |       |     1 |     6 |    24 |    34 |    51 |     5 |       ||   121
       Brothers in Arms  |       |       |       |       |     2 |     3 |     1 |       ||     6
       Burn Spellbooks   |       |       |       |       |       |     1 |     1 |       ||     2
       Cleansing Flame   |       |       |       |       |       |       |    41 |     7 ||    48
       Summon Divine War |       |       |       |       |       |       |     1 |     3 ||     4
       Divine Shield     |       |       |       |       |       |       |       |     1 ||     1
 Abil: Evoke Teleportati |       |       |       |       |       |       |    89 |    16 ||   105
Evoke: Wand              |       |     2 |       |     2 |     7 |    10 |     3 |       ||    24
       Rod               |       |       |       |       |       |     2 |     1 |       ||     3
       Lamp of fire      |       |       |       |       |       |       |     1 |     2 ||     3
       Phantom mirror    |       |       |       |       |       |       |     1 |       ||     1
       Deck              |       |       |       |       |       |       |     2 |     1 ||     3
       Phial of floods   |       |       |       |       |       |       |     1 |       ||     1
       Sack of spiders   |       |       |       |       |       |       |       |     1 ||     1
  Use: Scroll            |       |     1 |     7 |    17 |    18 |    19 |    26 |     7 ||    95
       Potion            |       |       |       |     2 |    10 |    10 |    14 |    11 ||    47
 Stab: Invisible         |       |       |       |     4 |       |       |       |       ||     4
       Distracted        |       |       |       |       |     2 |     1 |     2 |       ||     5
  Eat: Chunk             |       |     5 |    19 |    25 |    46 |    14 |    18 |     1 ||   128
       Beef jerky        |       |       |     1 |     2 |     4 |       |     1 |       ||     8
       Pizza             |       |       |       |     1 |     1 |       |     1 |     2 ||     5
       Meat ration       |       |       |       |     1 |     1 |       |       |       ||     2
       Fruit             |       |       |       |       |    12 |    26 |       |       ||    38
       Royal jelly       |       |       |       |       |     1 |       |     1 |       ||     2
       Bread ration      |       |       |       |       |       |       |     8 |     3 ||    11
